Map: Catalyst LE

Players

NXZ

  • Race: Zerg Zerg
  • League: Master
  • Spawn Location: 11:00

soO - Winner!

  • Race: Zerg Zerg
  • League: Grandmaster
  • Spawn Location: 5:00

VOD

Have the link to the VOD?

Description

Time

  • Played on: Jan. 8, 2018, 7:32 p.m.
  • Length: 5:07
Show
View Real Time Build Order
Export as new Build Order

NXZ Zerg 

Build Orders: Pool First 

Get SALT Encoding   

  12  0:01  Drone  
  13  0:08  Drone  
  14  0:16  Overlord  
  14  0:22  Extractor  
  14  0:24  Drone  
  15  0:35  Drone x2  
  17  0:41  Extractor  
  16  0:47  Spawning Pool  
  15  0:50  Drone  
  15  0:55  Drone  
  17  1:05  Drone  
  18  1:23  Hatchery  
  17  1:26  Drone  
  18  1:36  Queen  
  20  1:43  Metabolic Boost  
  20  1:51  Overlord  
  20  1:54  Zergling x2  
  21  1:57  Drone  
  22  2:12  Queen  
  22  2:13  Baneling Nest  
  23  2:21  Zergling x4  
  25  2:24  Zergling x2  
  26  2:35  Zergling x2  
  26  2:37  Zergling x2  
  28  2:44  Zergling x2  
  28  2:45  Zergling x4  
  28  2:46  Overlord  
  28  2:50  Zergling x2  
  32  2:59  Zergling x4  
  32  3:01  Baneling x2  
  34  3:08  Zergling x2  
  35  3:13  Zergling x2  
  35  3:18  Zergling x6  
  35  3:19  Baneling x2  
  39  3:21  Baneling  
  34  3:31  Zergling x6  
  33  3:39  Zergling x4  
  34  3:47  Drone x2  
  33  3:55  Drone x2  
  33  4:05  Drone  
  33  4:06  Drone  
  33  4:14  Drone  
  33  4:15  Drone  
  33  4:18  Baneling x2  
  33  4:19  Zergling x8  
  33  4:20  Zergling x2  
  33  4:24  Zergling x2  
  39  4:30  Zergling x2  
  39  4:31  Zergling x2  
  40  4:45  Zergling x4  
  37  4:53  Hatchery  
Show
View Real Time Build Order
Export as new Build Order

soO Zerg - Winner!

Build Orders: Hatch First, Zergling Baneling 

Get SALT Encoding   

  12  0:00  Drone  
  13  0:12  Overlord  
  13  0:16  Drone  
  14  0:30  Drone x2  
  14  0:33  Drone  
  17  0:51  Hatchery  
  17  0:54  Drone  
  17  0:57  Drone  
  18  1:08  Extractor  
  17  1:12  Spawning Pool  
  17  1:15  Drone  
  17  1:18  Drone  
  18  1:27  Drone  
  19  1:38  Overlord  
  19  1:59  Queen  
  19  2:00  Zergling x4  
  23  2:02  Queen  
  23  2:05  Drone  
  23  2:07  Metabolic Boost  
  26  2:14  Drone x2  
  28  2:23  Drone  
  28  2:24  Drone  
  28  2:28  Baneling Nest  
  29  2:33  Drone  
  29  2:35  Drone  
  31  2:42  Drone  
  32  2:46  Drone  
  33  2:52  Hatchery  
  32  2:58  Overlord  
  32  3:00  Drone  
  33  3:08  Zergling x6  
  33  3:11  Baneling x3  
  33  3:12  Baneling  
  36  3:16  Overlord  
  36  3:20  Zergling x2  
  36  3:21  Zergling x2  
  37  3:31  Baneling x2  
  37  3:34  Zergling x2  
  37  3:35  Zergling x6  
  37  3:38  Zergling x2  
  39  3:43  Zergling x4  
  39  3:48  Zergling x2  
  39  3:49  Zergling x2  
  39  4:00  Drone  
  39  4:01  Drone  
  40  4:07  Zergling x4  
  41  4:12  Zergling x2  
  41  4:14  Queen  
  41  4:17  Baneling  
  41  4:18  Baneling  
  41  4:20  Zergling x2  
  41  4:21  Zergling x2  
  41  4:23  Zergling x2  
  44  4:29  Queen  
  46  4:35  Drone x2  
  46  4:38  Drone x2  
  50  4:41  Drone  
  50  4:45  Drone x2  
  40  4:47  Drone  
  40  4:50  Drone  
Tags
 
Add a new tag
Caveats
  • Supply blocks, unpowered buildings, or Contaminate may cause inaccurate times.
  • Supply counts are checked every 10 seconds.